 Dungeon Crawl Stone Soup version 0.18.1-6-gd335043 (webtiles) character file.

693 epen the Ducker (level 7, -7/55 HPs)
             Began as a Merfolk Wanderer on May 16, 2016.
             Mangled by an ogre
             ... wielding a +0 giant club
              (25 damage)
             ... while paralysed
             ... on level 4 of the Dungeon.
             The game lasted 00:08:25 (4576 turns).

epen the Ducker (Merfolk Wanderer)                  Turns: 4576, Time: 00:08:26

Health: -7/55      AC:  8    Str: 15    XL:     7   Next: 64%
Magic:  7/7        EV:  2    Int: 11    God:
Gold:   287        SH:  0    Dex: 13    Spells: 0 memorised, 6 levels left

rFire  . . .     SeeInvis .     E - +0 spear
rCold  . . .     Gourm    .     z - +0 scale mail
rNeg   . . .     Faith    .     (no shield)
rPois  .         Spirit   .     e - +0 helmet
rElec  .         Dismiss  .     (no cloak)
rCorr  .         Reflect  .     (no gloves)
SustAt .         Harm     .     (no boots)
MR     .....     Rnd*Tele +     t - amulet of magic regeneration
Stlth  ..........               (no ring)
                                p - ring of teleportation (curse)

@: paralysed, fainting, not resistant to hostile enchantments, extremely
unstealthy
A: change form in water, swift swim
a: no special abilities


You were on level 4 of the Dungeon.
You were fainting.

You visited 1 branch of the dungeon, and saw 6 of its levels.

You collected 287 gold pieces.

Inventory:

Hand Weapons
 a - a +2 hand crossbow
 E - a +0 spear (weapon)
Missiles
 b - 34 bolts
 I - a throwing net (quivered)
Armour
 c - a +0 ring mail
 e - a +0 helmet (worn)
 z - a +0 scale mail (worn)
Jewellery
 p - a cursed ring of teleportation (left hand)
 t - an amulet of magic regeneration (around neck)
 G - a +4 amulet of reflection {unknown}
Wands
 u - a wand of random effects (20/48)
 y - a wand of confusion (9/48)
 F - a wand of flame (30/48)
Scrolls
 g - 2 scrolls of enchant armour {unknown}
 h - a scroll of magic mapping {unknown}
 i - 4 scrolls of teleportation {unknown}
 l - 5 scrolls of identify {unknown}
 n - 3 scrolls of recharging {unknown}
 o - 2 scrolls of immolation {unknown}
 q - a scroll of remove curse {unknown}
 r - a scroll of noise {unknown}
 x - 2 scrolls of fear {unknown}
 B - a scroll of fog {unknown}
Potions
 d - a potion of curing
 s - a potion of haste {unknown}
 v - a potion of berserk rage {unknown}
 A - a potion of flight {unknown}
 C - a potion of agility {unknown}
 D - a potion of magic {unknown}
 H - a potion of heal wounds {unknown}
Comestibles
 f - 4 bread rations
 j - a slice of pizza
 k - 4 beef jerkies
 m - 5 fruits
 w - a meat ration


   Skills:
 + Level 4.4 Fighting
 * Level 1.1 Polearms
   Level 1.0 Bows
 - Level 2.4 Crossbows
 + Level 3.6 Armour
 * Level 7.1 Dodging
 - Level 1.1 Stealth
 - Level 1.0 Evocations


You had 6 spell levels left.
You didn't know any spells.

Dungeon Overview and Level Annotations

Branches:
Dungeon (6/15)
 Temple: D:4-7

Altars:
Dithmenos
Pakellas
Qazlal
Sif Muna
Trog
Xom

Annotations:
D:5 CrazyArbalest's ghost, novice MiHu
D:6 Menkaure


Message History

The ogre hits you with a giant club!
* * * LOW HITPOINT WARNING * * *
The sky beast flickers out of sight!
A sky beast appears from thin air!
Reactivating autopickup.
Read which item? (? for menu, Esc to quit)
Okay, then.
Drink which item? (? for menu, Esc to quit)
Okay, then.
Unknown command.
The sky beast flickers out of sight!
Deactivating autopickup; reactivate with Ctrl-A.
You are fainting from starvation!
The ogre barely misses you.
The sky beast flickers out of sight!
You lose consciousness!
The ogre hits you with a giant club! The ogre hits you with a giant club.
The ogre hits you with a giant club!!
You die...

#######.# #.#..##################
#.....#.# #.#..########...##.....
#..<..#.###.#..##............####
#.........#.#..#..........##...##
..........#.#..#.......[.........
..........#....#.................
.......##......#.........#.......
.................................
.......##.......@O.#.##....###...
>.............................)..
.................................
..≈...###..........#.####...##...
.................#..........##...
.................#..........##...
.................#...............
###..............#..........####.
.......[####.....#.............#.


You could see an ogre.

Vanquished Creatures
  2 centaurs (D:5)
  A scorpion (D:4)
  A howler monkey (D:6)
  3 crimson imps (D:5)
  A centaur zombie (D:5)
  2 orc wizards
  A hound (D:4)
  3 worker ants
  6 adders
  2 oozes
  2 worms
  2 dart slugs
  9 orcs
  6 bats
  5 giant cockroaches
  2 goblins
  6 hobgoblins
  11 jackals
  A giant gecko skeleton (D:4)
  5 giant newts
  9 kobolds
  A quokka skeleton (D:5)
  8 rats
89 creatures vanquished.

Notes
Turn   | Place    | Note
--------------------------------------------------------------
     0 | D:1      | epen the Merfolk Wanderer began the quest for the Orb.
     0 | D:1      | epen set off with: a +2 hand crossbow, 27 bolts, a +0 ring mail, a potion of curing, a bread ration
     0 | D:1      | Reached XP level 1. HP: 16/16 MP: 1/1
    29 | D:1      | Reached skill level 1 in Dodging
    80 | D:1      | Reached XP level 2. HP: 23/23 MP: 2/2
   164 | D:1      | Reached skill level 2 in Dodging
   768 | D:2      | Reached XP level 3. HP: 28/28 MP: 3/3
   893 | D:2      | Reached skill level 3 in Dodging
   946 | D:2      | Found a bloodstained altar of Trog.
  1115 | D:2      | Reached XP level 4. HP: 34/34 MP: 4/4
  1312 | D:2      | Found a bloodstained altar of Trog.
  1315 | D:2      | Found a stormy altar of Qazlal.
  1782 | D:3      | Found a shimmering altar of Xom.
  1959 | D:3      | Reached XP level 5. HP: 40/40 MP: 5/5
  1985 | D:3      | Reached skill level 4 in Dodging
  2581 | D:4      | Found a shadowy altar of Dithmenos.
  2604 | D:4      | Reached skill level 5 in Dodging
  2604 | D:4      | Reached XP level 6. HP: 38/47 MP: 6/6
  2964 | D:4      | Found a deep blue altar of Sif Muna.
  2997 | D:5      | Entered Level 5 of the Dungeon
  3083 | D:5      | Reached skill level 6 in Dodging
  3109 | D:5      | Reached XP level 7. HP: 44/54 MP: 7/7
  3435 | D:5      | Found a shadowy altar of Dithmenos.
  3670 | D:5      | Reached skill level 7 in Dodging
  3926 | D:5      | Noticed CrazyArbalest's ghost (novice MiHu)
  4299 | D:6      | Reached skill level 1 in Polearms
  4318 | D:6      | Found an oddly glowing altar of Pakellas.
  4319 | D:6      | Noticed Menkaure
  4572 | D:4      | Paralysed by fainting for 9 turns
  4576 | D:4      | Mangled by an ogre

Skill      XL: |  1  2  3  4  5  6  7 |
---------------+----------------------+-----
Dodging        | 1 2 3 5 6 7 |  7.1
Armour         | 2 3 |  3.6
Fighting       | 3 4 |  4.4
Polearms       | 1 |  1.1
Bows           | |  1.0
Crossbows      | |  2.4
Stealth        | |  1.1
Evocations     | |  1.0

Action                   |  1- 3 |  4- 6 |  7- 9 || total
-------------------------+-------+-------+-------++-------
Melee: Spear             |       |       |    54 ||    54
       Hand crossbow     |       |       |     2 ||     2
 Fire: Hand crossbow     |    95 |   114 |    33 ||   242
  Use: Potion            |       |       |     3 ||     3
  Eat: Pizza             |       |     2 |       ||     2
       Chunk             |       |     2 |     2 ||     4
       Beef jerky        |       |       |     1 ||     1
Armor: Ring mail         |    18 |     7 |       ||    25
       Scale mail        |       |     5 |    23 ||    28
Dodge: Dodged            |    33 |    16 |    60 ||   109
